 Dungeon Crawl Stone Soup version 0.22.0-75-g3901e7991e (webtiles) character file.

633 Bapho the Conjurer (level 7, -2/60 HPs)
             Began as a Purple Draconian Conjurer on Sept 13, 2018.
             Slain by Grinder (6 damage)
             ... while paralysed by Grinder
             ... on level 5 of the Dungeon.
             The game lasted 00:12:24 (5237 turns).

Bapho the Conjurer (Purple Draconian Conjurer)      Turns: 5237, Time: 00:12:24

Health: -2/60      AC:  6    Str: 11    XL:     7   Next: 24%
Magic:  4/12       EV:  2    Int: 16    God:
Gold:   136        SH:  0    Dex: 12    Spells: 9/13 levels left

rFire    x . .     SeeInvis .   q - +2 quarterstaff (speed)
rCold    + . .     Gourm    .   (shield currently unavailable)
rNeg     . . .     Faith    .   (armour unavailable)
rPois    .         Spirit   .   (helmet restricted)
rElec    .         Reflect  .   (no cloak)
rCorr    .         Harm     .   (no gloves)
MR       +....                  (no boots)
Stlth    ++........             (no amulet)
HPRegen  0.20/turn              i - ring of ice
MPRegen  0.13/turn              (no ring)

@: paralysed
A: breathe power, unfitting armour, cold-blooded, AC +6
a: Breathe Dispelling Energy


You were on level 5 of the Dungeon.
You were hungry.

You visited 1 branch of the dungeon, and saw 5 of its levels.

You collected 136 gold pieces.

Inventory:

Hand Weapons
 c - a +0 hand axe
 f - a +2 mace of protection
 q - a +2 quarterstaff of speed (weapon)
Missiles
 e - 97 stones (quivered)
Jewellery
 i - a ring of ice (left hand)
 v - a +1 ring of protection {unknown}
Wands
 j - a wand of acid (10)
Scrolls
 a - 2 scrolls of teleportation {unknown}
 g - 7 scrolls of identify {unknown}
 h - 2 scrolls of fear {unknown}
 k - 2 scrolls of enchant weapon {unknown}
 o - 2 scrolls of fog {unknown}
 p - 2 scrolls of immolation {unknown}
 s - a scroll of magic mapping {unknown}
 t - a scroll of enchant armour {unknown}
 u - a scroll of amnesia {unknown}
 w - a scroll of blinking {unknown}
Potions
 d - 3 potions of curing {unknown}
 l - 2 potions of degeneration {unknown}
 m - a potion of flight {unknown}
 n - a potion of mutation {unknown}
 r - a potion of ambrosia {unknown}
 z - a potion of resistance {unknown}
Comestibles
 b - 9 rations


   Skills:
 + Level 4.7 Fighting
 + Level 4.3 Staves
 - Level 1.7 Dodging
 - Level 1.7 Stealth
 - Level 3.6 Spellcasting
 - Level 5.4 Conjurations


You had 9 spell levels left.
You knew the following spells:

 Your Spells              Type           Power        Failure   Level  Hunger
a - Magic Dart            Conj           ###.         1%          1    None
b - Dazzling Spray        Conj/Hex       ##....       17%         3    ###....

Your spell library contained the following spells:

 Spells                   Type           Power        Failure   Level  Hunger
 Searing Ray              Conj           ###...       2%          2    ##.....
 Iskenderun's Mystic Bla  Conj           ###.....     19%         4    ####...
 Force Lance              Conj/Tloc      ##......     50%         4    ####...
 Fulminant Prism          Conj/Hex       ##........   50%         4    ####...


Dungeon Overview and Level Annotations

Branches:
Dungeon (5/15)
 Temple: D:4-7

Altars:
Dithmenos
Okawaru
Qazlal

Annotations:
D:3 3 runed doors, ColeusSanctus's ghost, amateur DsSk; Sotto's ghost, amateur HaAs; megadron1122's ghost, weakling MiFi; rumpelstilzz's ghost, amateur TrWz
D:5 Grinder


Innate Abilities, Weirdness & Mutations

You can breathe bolts of dispelling energy.
Your rich purple scales are hard. (AC +6)
You cannot fit into any form of body armour.
You are cold-blooded and may be slowed by cold attacks.


Message History

Grinder is severely wounded.
Grinder is no longer blind.
Grinder hits you!
You writhe in agony.
You hit Grinder but do no damage.
Your tail-slap misses Grinder.
Grinder is severely wounded.
Grinder gestures at you.
You suddenly lose the ability to move!
Grinder hits you.
Grinder says, "FISH!"
Grinder hits you.
You writhe in agony.
Grinder hits you.
You writhe in agony.
Grinder hits you but does no damage. Grinder hits you.
You writhe in agony.
Grinder hits you!
* * * LOW HITPOINT WARNING * * *
You writhe in agony.
* * * LOW HITPOINT WARNING * * *
Grinder hits you.
* * * LOW HITPOINT WARNING * * *
You writhe in agony.
You die...

.#...#.# #.#.# #....
#.#.## #....
#.#....# #...#
##.###.## ...#
#....#.# #..#
#..#.#.# #.<#
#..#.#.# #..#
#..#.#.#
...##@.###..#.#.#
#....5.........#.#
#.#..........###.#
....##..####.# #.#
#............###.##
...................#
########.###########
...# ##


You could see Grinder.

Vanquished Creatures
  Sigmund (D:3)
  A phantom (D:4)
  A howler monkey (D:4)
  2 orc priests
  An orc wizard (D:4)
  4 worker ants
  A hound skeleton (D:4)
  3 adders (D:3)
  3 worms
  4 leopard geckos
  15 orcs
  A ball python (D:2)
  11 giant cockroaches
  7 goblins
  11 hobgoblins
  5 jackals
  12 kobolds
  6 bats
  5 frilled lizards (D:2)
  12 rats
106 creatures vanquished.

Notes
Turn   | Place    | Note
-------+----------+-------------------------------------------
     0 | D:1      | Bapho the Draconian Conjurer began the quest for the Orb.
     0 | D:1      | Reached XP level 1. HP: 14/14 MP: 3/3
   283 | D:1      | Reached XP level 2. HP: 17/20 MP: 0/5
   983 | D:1      | Reached XP level 3. HP: 26/26 MP: 6/6
  1736 | D:2      | Learned a level 3 spell: Dazzling Spray
  1776 | D:2      | Found an iron altar of Okawaru.
  1788 | D:2      | Reached skill level 5 in Conjurations
  1788 | D:2      | Reached XP level 4. HP: 14/33 MP: 0/8
  2646 | D:2      | Found a shadowy altar of Dithmenos.
  3028 | D:3      | Reached skill level 1 in Fighting
  3028 | D:3      | Reached skill level 1 in Staves
  3028 | D:3      | Reached XP level 5. HP: 6/40 MP: 0/9
  3450 | D:3      | Noticed Sigmund
  3465 | D:3      | Killed Sigmund
  3465 | D:3      | Reached XP level 6. HP: 29/51 MP: 0/10
  3629 | D:3      | Found a runed gate.
  3629 | D:3      | Found a runed gate.
  3629 | D:3      | Found a runed gate.
  3873 | D:3      | Found a faded altar of an unknown god.
  3946 | D:3      | Noticed ColeusSanctus's ghost (amateur DsSk)
  3946 | D:3      | Noticed rumpelstilzz's ghost (amateur TrWz)
  3946 | D:3      | Noticed Sotto's ghost (amateur HaAs)
  3946 | D:3      | Noticed megadron1122's ghost (weakling MiFi)
  3979 | D:4      | Found a stormy altar of Qazlal.
  4495 | D:4      | Your scales start taking on a rich purple colour.
  4495 | D:4      | Reached XP level 7. HP: 60/60 MP: 2/12
  5170 | D:5      | Entered Level 5 of the Dungeon
  5217 | D:5      | Noticed Grinder
  5221 | D:5      | Paralysed by Grinder for 3 turns
  5230 | D:5      | Paralysed by Grinder for 7 turns
  5237 | D:5      | Slain by Grinder

Skill      XL: |  1  2  3  4  5  6  7 |
---------------+----------------------+-----
Conjurations   | 5 |  5.4
Spellcasting   | 3 |  3.6
Fighting       | 1 3 4 |  4.7
Staves         | 1 2 3 4 |  4.3
Dodging        | |  1.7
Stealth        | |  1.7

Action                   |  1- 3 |  4- 6 |  7- 9 || total
-------------------------+-------+-------+-------++-------
Melee: Hand axe          |    14 |       |       ||    14
       Tailslap          |     8 |    10 |     2 ||    20
       Mace              |    45 |    20 |       ||    65
       Quarterstaff      |       |    85 |    33 ||   118
Throw: Stone             |    21 |    51 |    15 ||    87
 Cast: Magic Dart        |    53 |    83 |    10 ||   146
       Dazzling Spray    |       |     8 |     5 ||    13
 Abil: Breathe Dispellin |       |       |     1 ||     1
 Stab: Invisible         |       |     2 |     2 ||     4
  Eat: Chunk             |     3 |     9 |     3 ||    15
Armor: Skin              |    23 |    28 |     7 ||    58
Dodge: Dodged            |    35 |    66 |    16 ||   117
